 Dungeon Crawl Stone Soup version 0.28-a0-973-ga7f8b01127 (webtiles) character file.

Game seed: 6974265925477050737

220 zxcva the Skirmisher (level 6, -7/47 HPs)
             Began as a Djinni Cinder Acolyte on Dec 1, 2021.
             Was an Elder of Ignis.
             Mangled by an orc (17 damage)
             ... on level 4 of the Dungeon.
             The game lasted 00:05:34 (3773 turns).

zxcva the Skirmisher (Djinni Cinder Acolyte)        Turns: 3773, Time: 00:05:35

Health: -7/47      AC:  2    Str: 13    XL:     6   Next: 18%
Gold:   62         EV: 11    Int: 17    God:    Ignis [****..] SH:  0 Dex:  9

rFire   + + .      SeeInvis .   a - -1 falchion (flame)
rCold   . . .      Faith    .   (no shield)
rNeg    . . .      Spirit   .   b - +0 robe
rPois   ∞          Reflect  .   (no helmet)
rElec   .          Harm     .   (no cloak)
rCorr   .          Rampage  .   (no gloves)
Will    .....                   (boots unavailable)
Stlth   +.........              (no amulet)
HPRegen 0.15/turn               i - ring of ice
MPRegen 0.00/turn               (no ring)

@: confused, flying
A: sickness immunity, fire resistance 2, cold vulnerability 1, float, innate
caster, hp casting, extra vitality 1
a: Renounce Religion, Fiery Armour, Foxfire Swarm, Rising Flame


You were on level 4 of the Dungeon.
You worshipped Ignis.
Ignis was greatly pleased with you.
You visited 1 branch of the dungeon, and saw 4 of its levels.

You collected 62 gold pieces.

Inventory:

Hand Weapons
 a - a -1 falchion of flaming (weapon)
Missiles
 k - 3 javelins
 l - 40 stones
Armour
 b - a +0 robe (worn)
Jewellery
 i - a ring of ice (left hand)
Scrolls
 c - 2 scrolls of identify {unknown}
 m - 2 scrolls of magic mapping {unknown}
Potions
 d - a potion of attraction {unknown}
 e - 3 potions of heal wounds {unknown}
 f - a potion of berserk rage {unknown}
 g - a potion of invisibility {unknown}
 h - a potion of brilliance {unknown}
 j - 2 potions of curing {unknown}


   Skills:
 - Level 4.0 Fighting
 + Level 3.7 Long Blades
 * Level 4.0 Spellcasting


You had 8 spell levels left.
You knew the following spells:

 Your Spells              Type           Power      Damage    Failure   Level
a - Scorch                Fire           34%        2d6       4%          2
b - Apportation           Tloc           34%        N/A       3%          1
c - Blink                 Tloc           34%        N/A       4%          2
Your spell library was empty.

Dungeon Overview and Level Annotations

Branches:
Dungeon (4/15)
 Temple: D:4-7

Altars:

Annotations:
D:4 1 transporter


Innate Abilities, Weirdness & Mutations

You are immune to sickness and miasma.
You are immune to poison.
Your flesh is very heat resistant. (rF++)
You are vulnerable to cold. (rC-)
You float through the air rather than walking.
You learn spells naturally, not from books.
Your magical power is your life essence.
You have superior vitality. (+4 HP)


Message History

The orc priest calls down the wrath of Beogh upon you.
You struggle to resist.
The orc barely misses you.
You bump into the rock wall.
You hear some strange, mumbled words.
You are more confused.
The orc barely misses you.
You're too confused to cast spells.
Unknown command.
Something hits you.
You are too confused!
Something completely misses you.
The orc priest begins to cast a cantrip, but forgets the words!
The orc hits you with a +0 quarterstaff.
You bump into the stone wall.
Something hits you.
The orc hits you with a +0 quarterstaff.
The orc priest looks satisfied for a moment.
You bump into the rock wall.
You hear some strange, mumbled words.
A magic dart appears from out of thin air!
The magic dart hits you.
The orc hits you with a +0 quarterstaff.
You closely miss the orc. Something hits you. The orc misses you.
The orc hits you with a +1 hand axe of electrocution.
You're too confused to move!
Something hits you.
The orc hits you with a +1 hand axe of electrocution.
The orc barely misses you.
You miss something. Something hits you but does no damage.
The orc hits you with a +1 hand axe of electrocution.
The orc completely misses you. Something hits you.
You bump into the rock wall.
The orc misses you. The orc closely misses you. Something hits you.
The orc priest begins to cast a cantrip, but forgets the words!
The orc hits you with a +0 quarterstaff!
* * * LOW HITPOINT WARNING * * *
You miss the orc.
The orc hits you with a +1 hand axe of electrocution.
* * * LOW HITPOINT WARNING * * *
You are electrocuted!
You die...

#.○..°# #...# #.....###...#
+...$$#.....# +°..?©#©....#
######## +...$Y#.....#
#....<.# #.....#...###
..........### .....#..##
.........##.########.Y.. #..#
.......o.##..o{o@..### ###..#
.........##....o#### #....#
..........†....#########....#
.................#.........^#
........###...†#............#
.... #....###..........###
... #....# #####........# ..
#..#### #........# . #.##
#........#


You could see an orc priest and 2 orcs.

Vanquished Creatures
  A phantom (D:4)
  Robin (D:2)
  4 adders (D:2)
  An ufetubus (D:4)
  2 worms
  3 dart slugs
  6 orcs (D:3)
  4 ball pythons
  7 endoplasms
  3 giant cockroaches
  17 goblins
  3 hobgoblins
  3 jackals (D:3)
  3 quokkas
  2 bats (D:3)
  3 frilled lizards
  5 kobolds
  3 rats
71 creatures vanquished.

Vanquished Creatures (others)
  11 foxfires (D:1)
11 creatures vanquished.

Grand Total: 82 creatures vanquished

Notes
Turn   | Place    | Note
-------+----------+-------------------------------------------
     0 | D:1      | zxcva the Djinni Cinder Acolyte began the quest for the
                  | Orb.
     0 | D:1      | Reached XP level 1. HP: 20/20 MP: 0/0
   268 | D:1      | Reached XP level 2. HP: 22/25 MP: 0/0
   566 | D:1      | You are sucked into a shaft and drop 1 floor!
   572 | D:2      | Reached XP level 3. HP: 19/30 MP: 0/0
   572 | D:2      | Learned a level 1 spell: Apportation
   787 | D:2      | Noticed Robin
   794 | D:2      | Killed Robin
   818 | D:2      | Reached XP level 4. HP: 3/35 MP: 0/0
  2091 | D:2      | Reached XP level 5. HP: 32/41 MP: 0/0
  2091 | D:2      | Learned a level 2 spell: Blink
  3398 | D:4      | Noticed a phantom
  3414 | D:4      | Killed a phantom
  3415 | D:4      | Reached XP level 6. HP: 13/47 MP: 0/0
  3693 | D:4      | Found a transporter.
  3694 | D:4      | Noticed an ice beast
  3695 | D:4      | Noticed an ice beast
  3696 | D:4      | Noticed an ice beast
  3773 | D:4      | Mangled by an orc

Illustrated notes

Levels and vault maps discovered:
D:1:      minmay_arrival_pointy, layout_basic, serial_shops, nicolae_shop_trees,
          minmay_tetromino_i4
D:2:      layout_loops_cross, uniq_robin
D:3:      layout_loops_cross, minivault_5
D:4:      gammafunk_cloud_chamber, layout_rooms, nemelex_diamond_rough_becter,
          uniq_menkaure

Skill      XL: |  1  2  3  4  5  6 |
---------------+-------------------+-----
Long Blades    | 3 |  3.7
Spellcasting   | 3 4 |  4.0
Fighting       | 4 |  4.0

Action                   |  1- 3 |  4- 6 || total
-------------------------+-------+-------++-------
Melee: Falchion          |    10 |     7 ||    17
 Cast: Scorch            |    21 |    64 ||    85
Invok: Foxfire Swarm     |     2 |       ||     2
       Fiery Armour      |     1 |       ||     1
Armor: Robe              |     3 |     7 ||    10
Dodge: Dodged            |    13 |    24 ||    37

Table legend: (Time is in decaauts)
 A = Elapsed time spent in this place.
 B = Non-inter-level travel time spent in this place.
 C = Inter-level travel time spent in this place.
 D = Time resting spent in this place.
 E = Time spent auto-exploring this place.
 F = Levels seen in this place.
 G = Mean time per level.
                   A        B        C        D        E       F      G
               +--------+--------+--------+--------+--------+-----+--------+
         Total |   3775 |   3654 |    121 |   1329 |   1907 |   4 |  943.8 |
       Dungeon |   3775 |   3654 |    121 |   1329 |   1907 |   4 |  943.8 |
               +--------+--------+--------+--------+--------+-----+--------+

Top non-repeatable levels by time:
     D:2: 1704 daAuts
     D:3: 1298 daAuts
     D:1: 567 daAuts
     D:4: 205 daAuts
